 Dungeon Crawl Stone Soup version 0.19-a0-994-g3c636f0 (webtiles) character file.

2243 Stormphoenix the Bludgeoner (level 9, -2/84 HPs)
             Began as an Ogre Berserker on July 17, 2016.
             Was an Elder of Trog.
             Slain by an orc
             ... wielding a +0 club
              (5 damage)
             ... on level 6 of the Dungeon.
             The game lasted 00:11:23 (5533 turns).

Stormphoenix the Bludgeoner (Ogre Berserker)        Turns: 5533, Time: 00:11:24

Health: -2/84      AC:  4    Str: 27    XL:     9   Next: 37%
Magic:  9/9        EV: 10    Int:  6    God:    Trog [****..]
Gold:   272        SH:  0    Dex:  9    Spells: 0 memorised, 8 levels left

rFire  . . .     SeeInvis .     a - +0 giant club
rCold  . . .     Gourm    .     b - +1 animal skin
rNeg   . . .     Faith    .     (shield currently unavailable)
rPois  .         Spirit   .     (helmet restricted)
rElec  .         Dismiss  .     (no cloak)
rCorr  .         Reflect  .     (gloves unavailable)
SustAt .         Harm     .     (boots unavailable)
MR     .....                    l - amulet of regeneration
Stlth  +.........               (no ring)
                                (no ring)

@: not resistant to hostile enchantments, very unstealthy
A: unfitting armour, tough skin 1
a: Berserk, Trog's Hand, Brothers in Arms, Burn Spellbooks, Renounce Religion


You were on level 6 of the Dungeon.
You worshipped Trog.
Trog was greatly pleased with you.
You were hungry.

You visited 1 branch of the dungeon, and saw 7 of its levels.

You collected 272 gold pieces.

Inventory:

Hand Weapons
 a - a +0 giant club (weapon)
Armour
 b - a +1 animal skin (worn)
Jewellery
 l - an amulet of regeneration (around neck)
Wands
 f - a wand of random effects (9/48)
 h - a wand of digging (15/24)
Scrolls
 i - 6 scrolls of identify
 n - a scroll of fog
 q - a scroll of magic mapping {unknown}
Potions
 e - a potion of curing
 j - a potion of berserk rage {unknown}
 m - a potion of magic {unknown}
 o - a potion of invisibility {unknown}
 p - 2 potions of mutation {unknown}
Comestibles
 c - 4 bread rations
 d - 2 meat rations
 g - 2 beef jerkies


   Skills:
 - Level 4.0 Fighting
 + Level 15.3 Maces & Flails
 - Level 2.6 Dodging


You had 8 spell levels left.
You didn't know any spells.

Dungeon Overview and Level Annotations

Branches:
Dungeon (7/15)             Temple (0/1) D:4

Altars:
Cheibriados
Fedhas
Hepliaklqana
Okawaru
Qazlal
Trog
Xom
Zin

Shops:
D:4 *


Innate Abilities, Weirdness & Mutations

You are too large for most types of armour.
You have tough skin. (AC +1)


Message History

You hit the orc warrior but do no damage.
The orc warrior is lightly wounded.
The orc warrior hits you with a glaive!!
The orc hits you with a club.
You bludgeon the orc warrior!!
The orc warrior is severely wounded.
You hit the orc warrior but do no damage.
The orc warrior is severely wounded.
The orc warrior hits you with a glaive!!
* * * LOW HITPOINT WARNING * * *
The orc barely misses you.
You sock the orc warrior!
You kill the orc warrior!
Trog accepts your kill. The orc hits you but does no damage.
You bludgeon the orc!!
You kill the orc!
Trog accepts your kill. The orc hits you with a club.
You die...

.............#...<## ##.........
...............###.## #.........
..............## ##.# #.........
..............# #.# ##........
..............# #.# ##........
...........#..# #.# ##.#.....##
..............#####.###.#########
...............o##..##.## ##..#
.........o...#o)@รท.....# ###....
..............#######..####..####
..............## ##......##
...............# ########
...............# #####
................# ?..#
................# ?..#
................# ####### ######
................# #.....# #....##


You could see 2 orcs.

Vanquished Creatures
  The ghost of p0werm0de the Martial Artist, a novice OpSk of Dithmenos (D:5)
  Eustachio (D:6)
  An orc warrior (D:6)
  An ogre (D:5)
  A necrophage (D:7)
  3 giant frogs
  A scorpion (D:4)
  A wyvern skeleton (D:6)
  2 wights (D:7)
  4 howler monkeys
  3 orc priests
  3 hounds (D:6)
  5 orc wizards
  A centaur skeleton (D:4)
  An iguana (D:5)
  7 worker ants
  A killer bee zombie (D:6)
  A hound skeleton (D:4)
  2 worker ant zombies
  2 gnolls (D:7)
  2 howler monkey skeletons
  5 adders
  4 shadow imps
  An ooze (D:3)
  An adder zombie (D:5)
  A worm (D:2)
  3 dart slugs
  5 giant geckos
  16 orcs
  A ball python (D:3)
  6 giant cockroaches
  3 goblins
  8 hobgoblins
  2 kobolds
  4 quokkas
  5 bats
  A giant gecko skeleton (D:5)
  2 giant newts
  A quokka skeleton (D:5)
  9 rats
122 creatures vanquished.

Notes
Turn   | Place    | Note
-------+----------+-------------------------------------------
     0 | D:1      | Stormphoenix the Ogre Berserker began the quest for the Orb.
     0 | D:1      | Reached XP level 1. HP: 24/24 MP: 1/1
   388 | D:1      | Reached XP level 2. HP: 23/32 MP: 2/2
   645 | D:1      | Reached skill level 5 in Maces & Flails
  1332 | D:2      | Reached XP level 3. HP: 39/39 MP: 3/3
  1355 | D:2      | Found a stormy altar of Qazlal.
  1389 | D:2      | Found an iron altar of Okawaru.
  1399 | D:2      | Found a bloodstained altar of Trog.
  1866 | D:3      | Found a blossoming altar of Fedhas.
  1870 | D:3      | Reached ** piety under Trog
  1893 | D:3      | Reached skill level 6 in Maces & Flails
  2279 | D:3      | Reached XP level 4. HP: 14/48 MP: 4/4
  2549 | D:3      | Found a faded altar of an unknown god.
  2757 | D:4      | Reached skill level 7 in Maces & Flails
  2761 | D:4      | Reached XP level 5. HP: 42/54 MP: 5/5
  2771 | D:4      | Found a staircase to the Ecumenical Temple.
  2996 | D:4      | Found a shimmering altar of Xom.
  3002 | D:4      | Reached skill level 8 in Maces & Flails
  3009 | D:4      | Found a shimmering altar of Xom.
  3068 | D:4      | Reached *** piety under Trog
  3114 | D:4      | Reached XP level 6. HP: 59/62 MP: 6/6
  3122 | D:4      | Reached skill level 9 in Maces & Flails
  3206 | D:4      | Found Fuvofu's General Store.
  3488 | D:4      | Reached skill level 10 in Maces & Flails
  3488 | D:4      | Reached XP level 7. HP: 60/70 MP: 7/7
  3670 | D:5      | Entered Level 5 of the Dungeon
  3928 | D:5      | Found a snail-covered altar of Cheibriados.
  3931 | D:5      | You fall through a shaft for 2 floors!
  3998 | D:7      | Reached skill level 11 in Maces & Flails
  4008 | D:7      | Reached XP level 8. HP: 62/78 MP: 8/8
  4112 | D:7      | Reached skill level 12 in Maces & Flails
  4217 | D:6      | Reached **** piety under Trog
  4220 | D:6      | Found a glowing silver altar of Zin.
  4355 | D:6      | Noticed Eustachio
  4766 | D:5      | Found a hazy altar of Hepliaklqana.
  4893 | D:5      | Reached skill level 13 in Maces & Flails
  4918 | D:5      | Noticed p0werm0de's ghost (novice OpSk)
  4927 | D:5      | Killed p0werm0de's ghost
  4927 | D:5      | Reached skill level 14 in Maces & Flails
  4927 | D:5      | Reached XP level 9. HP: 44/84 MP: 9/9
  5187 | D:6      | Killed Eustachio
  5187 | D:6      | Reached skill level 15 in Maces & Flails
  5531 | D:6      | HP: 2/84 [orc warrior/glaive (25)]
  5533 | D:6      | Slain by an orc

Vault maps used:
D:1:      zaba_arrival_water, st_stairs_14, minmay_pentomino_w2
D:2:      amethyst_overflow_temple_binary, old_standard_altar,
          kennysheep_generic_room_3
D:3:      fedhas_altar_3, ecumenical_altar_1
D:4:      xom_redecorated, serial_shops, shop_fountains, gup_sewer_entry_spiral
D:5:      minmay_diamond_boxcup, slow_altar_2, lemuel_doored_altar,
          serial_corexii_hall, corexii_hall_statues_s, corexii_hall_statues_i,
          first_bread
D:6:      grunt_temple_overflow_holy_war, grunt_gozag_breadcrumbs,
          zin_scriptorium, uniq_eustachio
D:7:      serial_undead, serial_undead_f, serial_undead_d, serial_undead_e,
          serial_undead_d, serial_undead_d, serial_undead_d, serial_undead_d

Skill      XL: |  1  2  3  4  5  6  7  8  9 |
---------------+----------------------------+-----
Maces & Flails | 5 6 7 8 10 11 14 15 | 15.3
Fighting       | |  4.0
Dodging        | |  2.6

Action                   |  1- 3 |  4- 6 |  7- 9 || total
-------------------------+-------+-------+-------++-------
Melee: Mace              |   109 |       |       ||   109
       Flail             |    16 |   107 |    38 ||   161
       Giant club        |       |       |   155 ||   155
Invok: Berserk           |     1 |     1 |       ||     2
       Burn Spellbooks   |       |     1 |       ||     1
  Use: Scroll            |     5 |     1 |     2 ||     8
       Potion            |       |     1 |     6 ||     7
 Stab: Sleeping          |       |       |     1 ||     1
  Eat: Chunk             |     5 |     5 |     5 ||    15
       Pizza             |       |       |     1 ||     1
Armor: Animal skin       |    58 |    20 |    38 ||   116
Dodge: Dodged            |    60 |    62 |    83 ||   205
